 Dungeon Crawl Stone Soup version 0.28-a0-1182-g381e24db82 (webtiles) character file.

Game seed: 17278123280406195403

6444 Essalna the Conjurer (level 10, -1/77 HPs)
             Began as a Demonspawn Fire Elementalist on Dec 17, 2021.
             Was a Priest of Vehumet.
             Succumbed to a killer bee's poison
             ... on level 9 of the Dungeon.
             The game lasted 00:33:43 (13548 turns).

Essalna the Conjurer (DsFE)                        Turns: 13548, Time: 00:33:44

Health: -1/77      AC: 10    Str:  8    XL:     10   Next: 67%
Magic:  7/20       EV: 14    Int: 21    God:    Vehumet [***...]
Gold:   469        SH:  0    Dex: 14    Spells: 16/23 levels left

rFire   + . .      SeeInvis .   u - staff of fire
rCold   . . .      Faith    .   (no shield)
rNeg    . . .      Spirit   .   a - +0 robe
rPois   .          Reflect  .   (helmet restricted)
rElec   .          Harm     .   e - +2 cloak
rCorr   .          Rampage  .   D - +0 pair of gloves
Will    .....                   (no boots)
Stlth   ++........              (no amulet)
HPRegen 0.22/turn               h - +4 ring of protection
MPRegen 0.17/turn               o - +4 ring of slaying

@: lethally poisoned (-1 -> -11)
A: antennae 2, foul stench 1, demonic touch 2
a: Renounce Religion


You were on level 9 of the Dungeon.
You worshipped Vehumet.
Vehumet was most pleased with you.
You visited 2 branches of the dungeon, and saw 10 of its levels.
You also visited: Sewer and Ossuary.

You collected 469 gold pieces.

Inventory:

Hand Weapons
 c - a +0 hand axe
 q - a +3 whip of electrocution
 s - a +2 dagger of speed
Missiles
 d - 6 atropa-tipped darts
 n - a throwing net
Armour
 a - a +0 robe (worn)
 e - a +2 cloak (worn)
 g - a +0 cloak
 w - a +3 leather armour of fire resistance
 D - a +0 pair of gloves (worn)
Magical Staves
 u - a staff of fire (weapon)
 H - a staff of conjuration
Jewellery
 h - a +4 ring of protection (left hand)
 o - a +4 ring of slaying (right hand)
Wands
 i - a wand of digging (5)
 r - a wand of acid (11)
 v - a wand of flame (16)
 F - a wand of iceblast (8)
Scrolls
 k - 3 scrolls of fear
 t - a scroll of teleportation
 y - a scroll of brand weapon
 z - 2 scrolls of enchant weapon
 C - a scroll of identify
 E - a scroll of enchant armour {unknown}
 G - a scroll of magic mapping
Potions
 b - 4 potions of mutation {unknown}
 f - a potion of might
 j - 2 potions of heal wounds
 l - a potion of brilliance
 m - a potion of magic
 x - a potion of flight {unknown}
 A - a potion of haste
 B - 2 potions of cancellation


   Skills:
 + Level 6.8 Fighting
 - Level 4.0 Armour
 + Level 5.2 Dodging
 - Level 1.7 Stealth
 + Level 7.2 Spellcasting
 + Level 7.5 Conjurations
 + Level 7.3 Fire Magic


You had 16 spell levels left.
You knew the following spells:

 Your Spells              Type           Power      Damage    Failure   Level
a - Foxfire               Conj/Fire      100%       2x1d9     1%          1
b - Scorch                Fire           100%       2d10      1%          2
c - Flame Wave            Conj/Fire      55%        2d9       1%          4

Your spell library contained the following spells:

 Spells                   Type           Power      Damage    Failure   Level
 Hailstorm                Conj/Ice       23%        3d7       5%          4
 Magic Dart               Conj           100%       1d8       1%          1
 Searing Ray              Conj           78%        2d7       1%          2
 Conjure Flame            Conj/Fire      55%        6-21      1%          3
 Inner Flame              Hex/Fire       34%        N/A       1%          3
 Fireball                 Conj/Fire      27%        3d12      3%          5
 Fulminant Prism          Conj/Hex       11%        3d9       5%          4
 Slow                     Hex            28%        N/A       9%          1
 Blink                    Tloc           14%        N/A       13%         2
 Ensorcelled Hibernation  Hex/Ice        14%        N/A       13%         2
 Starburst                Conj/Fire      27%        6d9       17%         6
 Confusing Touch          Hex            7%         N/A       26%         3
 Tukima's Dance           Hex            7%         N/A       26%         3
 Vampiric Draining        Necr           7%         2d6       26%         3
 Manifold Assault         Tloc           7%         N/A       94%         5
 Ignition                 Fire           27%        3d9       99%         8
 Storm Form               Tmut/Air       3%         N/A       100%        7


Dungeon Overview and Level Annotations

Branches:
Dungeon (9/15)             Temple (1/1) D:6           Sewer (visited)
Ossuary (visited)
   Lair: D:8-11         Orc: D:9-12

Altars:
Ashenzari
Cheibriados
Dithmenos
Elyvilon
Fedhas
Gozag
Hepliaklqana
Kikubaaqudgha
Makhleb
Nemelex Xobeh
Okawaru
Qazlal
Ru
Sif Muna
Trog
Uskayaw
Vehumet
Wu Jian
Xom
Yredelemnul
Zin
The Shining One

Shops:
D:4 *

Annotations:
D:3 2 transporters


Innate Abilities, Weirdness & Mutations

You have a pair of antennae on your head.
You may rarely emit foul miasma when damaged in melee.
Your touch may inflict irresistible damage on your foes.


Message History

The killer bee is almost dead. (Press . to intensify the flame waves.)
You hear an angry buzzing noise. x3
The killer bee stings you.
* * * LOW HITPOINT WARNING * * *
A killer bee comes into view.
The killer bee closely misses you.
A wave of flame ripples out!
The flame wave engulfs the killer bee!
You kill the killer bee!
Vehumet accepts your kill.
You feel your power returning.
You hear an angry buzzing noise. x4
A wave of flame ripples out!
The flame wave engulfs the killer bee!
The killer bee is severely wounded.
You finish channelling waves of flame.
You hear an angry buzzing noise.
The killer bee misses you. The killer bee closely misses you.
You hear an angry buzzing noise.
Casting: Flame Wave (dangerous; 1% risk of failure)
Confirm with . or Enter, or press ? or * to list all spells.
Casting: Flame Wave (dangerous; 1% risk of failure)
Press: ? - help, Dir - look around, f - activate You feel a surge of power!
A wave of flame ripples out!
The flame wave engulfs the killer bee!
You kill the killer bee!
Vehumet accepts your kill.
You feel your power returning. (Press . to intensify the flame waves.)
A wave of flame ripples out!
The flame wave engulfs the killer bee!
The killer bee is almost dead.
You hear an angry buzzing noise.
The killer bee stings you.
* * * LOW HITPOINT WARNING * * *
You are lethally poisoned!
The killer bee poisons you! The killer bee misses you.
A wave of flame ripples out!
The flame wave engulfs the killer bee!
You kill the killer bee!
Vehumet accepts your kill.
You finish channelling waves of flame.
You die...

############### ###
#.............# #..
##.............# #..
..#..)††.........#####..
....}))@.........'..##..
...#).†..........##.##..
######'#########.##..
#..# #..'.. ##.###
####.. #...# ### ###.#
### #####+### #..
#.......### ###.#


There were no monsters in sight!

Vanquished Creatures
  A cyclops (D:7)
  A centaur zombie (D:7)
  The ghost of Gilette the Chiller, a novice GnIE (D:5)
  A queen bee (D:9)
  Grinder (D:4)
  2 hornets
  A wraith (D:9)
  Eustachio (D:4)
  4 fire bats (D:8)
  Menkaure (D:5)
  A water moccasin (D:7)
  A hell hound (D:8)
  An orc warrior (D:7)
  2 black bears
  An ice beast (D:7)
  2 sky beasts (D:6)
  3 ogres
  4 kobold brigands
  A gnoll sergeant (D:8)
  A wyvern zombie (D:7)
  A bullfrog (D:8)
  A water moccasin skeleton (D:5)
  23 killer bees
  4 wights
  2 lava snakes (D:8)
  2 bullfrog zombies (D:5)
  A jelly (D:5)
  4 hounds
  3 orc priests
  A bullfrog skeleton (D:4)
  A centaur skeleton (D:6)
  2 iguanas
  A scorpion zombie (D:5)
  Ijyb (D:5)
  2 orc wizards (D:8)
  A killer bee zombie (D:6)
  A hound zombie (D:5)
  A howler monkey zombie (D:5)
  A mummy (Ossuary)
  4 gnolls (D:8)
  15 adders
  3 river rats
  A shadow imp (D:6)
  2 white imps (D:7)
  2 ufetubi (D:5)
  2 adder skeletons (D:4)
  14 worms
  A dart slug (D:1)
  19 orcs
  3 spectral bats (Ossuary)
  9 endoplasms
  5 giant cockroaches
  6 goblins
  5 hobgoblins
  8 jackals
  26 kobolds
  3 quokkas
  13 ball pythons
  7 bats
  3 bat simulacra (Ossuary)
  7 frilled lizards
  12 gnoll zombies (Ossuary)
  5 goblin simulacra (Ossuary)
  5 goblin zombies (Ossuary)
  4 hobgoblin zombies (Ossuary)
  A jackal skeleton (D:4)
  2 kobold simulacra (Ossuary)
  4 kobold zombies (Ossuary)
  5 orc zombies (Ossuary)
  12 rats
  3 rat simulacra (Ossuary)
  3 spectral goblins (Ossuary)
  5 spectral kobolds (Ossuary)
  2 spectral rats (Ossuary)
305 creatures vanquished.

Vanquished Creatures (others)
  A fire vortex (D:8)
  676 foxfires
677 creatures vanquished.

Grand Total: 982 creatures vanquished

Notes
Turn   | Place    | Note
-------+----------+-------------------------------------------
     0 | D:1      | Essalna the Demonspawn Fire Elementalist began the quest
                  | for the Orb.
     0 | D:1      | Reached XP level 1. HP: 13/13 MP: 3/3
     7 | D:1      | Noticed an anaconda
     7 | D:1      | Noticed an iguana
     7 | D:1      | Noticed a black bear
   381 | D:1      | Gained mutation: You may rarely emit foul miasma when
                  | damaged in melee. [demonic ancestry]
   381 | D:1      | Reached XP level 2. HP: 13/19 MP: 0/5
   846 | D:1      | Found a faded altar of an unknown god.
   951 | D:1      | Reached XP level 3. HP: 22/24 MP: 0/6
  2507 | D:2      | Discovered your monstrous ancestry.
  2507 | D:2      | Gained mutation: You have a pair of small antennae on your
                  | head. [demonic ancestry]
  2507 | D:2      | Reached XP level 4. HP: 21/30 MP: 6/8
  2783 | D:2      | Learned a level 2 spell: Scorch
  3340 | D:3      | Found a transporter.
  3681 | D:3      | Found a transporter.
  3816 | D:4      | Found Mewk's General Store.
  3826 | D:4      | Noticed an ogre
  3955 | D:4      | Gained mutation: You have a pair of antennae on your head.
                  | [demonic ancestry]
  3955 | D:4      | Reached XP level 5. HP: 32/35 MP: 9/9
  4050 | D:4      | Killed an ogre
  4051 | D:4      | Reached skill level 1 in Fighting
  4143 | D:4      | Noticed Grinder
  4146 | D:4      | Paralysed by Grinder for 5 turns
  4160 | D:4      | Paralysed by Grinder for 6 turns
  4167 | D:4      | Killed Grinder
  4168 | D:4      | Reached XP level 6. HP: 38/44 MP: 2/11
  4339 | D:4      | Found a shimmering blue altar of Sif Muna.
  4793 | D:4      | Gained mutation: Your touch may inflict minor irresistible
                  | damage on your foes. [demonic ancestry]
  4793 | D:4      | Reached XP level 7. HP: 51/51 MP: 1/13
  4929 | D:5      | Entered Level 5 of the Dungeon
  5001 | D:5      | Noticed Eustachio
  5912 | D:5      | Noticed Ijyb
  5914 | D:5      | Noticed Menkaure
  6115 | D:5      | Killed Menkaure
  6116 | D:5      | Reached skill level 5 in Fire Magic
  6116 | D:5      | Gained mutation: Your touch may inflict irresistible damage
                  | on your foes. [demonic ancestry]
  6116 | D:5      | Reached XP level 8. HP: 32/60 MP: 7/15
  6394 | D:4      | Killed Eustachio
  6395 | D:4      | Reached skill level 5 in Conjurations
  6440 | D:5      | Killed Ijyb
  6449 | D:5      | Learned a level 4 spell: Flame Wave
  6508 | D:5      | Found a runed translucent door.
  6565 | D:5      | Noticed Gilette's ghost (novice GnIE)
  6915 | D:5      | Reached skill level 5 in Spellcasting
  7061 | D:5      | Killed Gilette's ghost
  7062 | D:5      | Reached skill level 1 in Armour
  7567 | D:6      | Found a staircase to the Ecumenical Temple.
  7664 | D:6      | Found a glowing drain.
  7673 | Sewer    | Entered a sewer
  8404 | Temple   | Entered the Ecumenical Temple
  8450 | Temple   | Became a worshipper of Vehumet
  8701 | D:6      | Reached XP level 9. HP: 67/67 MP: 10/17
  9179 | D:7      | Reached skill level 5 in Fighting
  9261 | D:7      | Noticed a cyclops
  9508 | D:7      | Reached * piety under Vehumet
  9508 | D:7      | Offered knowledge of Shock by Vehumet.
  9624 | D:7      | Found a sand-covered staircase.
  9633 | Ossuary  | Entered an ossuary
 10110 | Ossuary  | Offered knowledge of Sandblast by Vehumet.
 10162 | Ossuary  | Reached ** piety under Vehumet
 10958 | D:7      | Killed a cyclops
 11076 | D:7      | Reached XP level 10. HP: 76/76 MP: 9/19
 12005 | D:8      | Offered knowledge of Searing Ray by Vehumet.
 12964 | D:8      | Reached *** piety under Vehumet
 13529 | D:9      | Reached skill level 5 in Dodging
 13530 | D:9      | Offered knowledge of Hailstorm by Vehumet.
 13547 | D:9      | HP: 2/77 [killer bee (3)]
 13548 | D:9      | Succumbed to a killer bee's poison

Illustrated notes

Levels and vault maps discovered:
D:1:      onia_arrival_zoo_common, layout_rooms,
          dreamdust_ecumenical_altar_angels_and_demons, minmay_tetromino_t4
D:2:      layout_basic
D:3:      gammafunk_steamed_eel, layout_loops_ring
D:4:      layout_basic, mainiacjoe_overflow_24_doors, serial_shops,
          nicolae_square_shop, uniq_grinder
D:5:      layout_loops_ring, ebering_ghost_reflecting_pool, uniq_eustachio,
          uniq_ijyb, uniq_menkaure
D:6:      layout_loops_ring, temple_doors_cd, lightli_sewer_entry_pipes
D:7:      layout_cave_pools, nicolae_ossuary_entry_ruins
D:8:      layout_basic, hangedman_incinerator
D:9:      layout_roguey [special_room_bee], st_stairs_13
Temple:   nicolae_temple_the_god_donut

Skill      XL: |  1  2  3  4  5  6  7  8  9 10 |
---------------+-------------------------------+-----
Fire Magic     | 3 4 5 6 7 |  7.3
Conjurations   | 2 3 4 5 6 7 |  7.5
Spellcasting   | 3 4 5 6 7 |  7.2
Fighting       | 2 3 4 5 6 |  6.8
Armour         | 2 3 4 |  4.0
Dodging        | 3 4 5 |  5.2
Stealth        | |  1.7

Action                   |  1- 3 |  4- 6 |  7- 9 | 10-12 || total
-------------------------+-------+-------+-------+-------++-------
Melee: Unarmed           |     7 |       |       |       ||     7
       Hand axe          |    55 |   121 |       |       ||   176
       Dagger            |       |       |    44 |       ||    44
       Touch             |       |       |    33 |     7 ||    40
       Staff             |       |       |    85 |     3 ||    88
       Whip              |       |       |       |    53 ||    53
Throw: Dart              |       |    12 |       |       ||    12
       Throwing net      |       |     1 |       |       ||     1
 Cast: Foxfire           |    88 |    32 |   254 |    26 ||   400
       Scorch            |       |    11 |   105 |    19 ||   135
       Flame Wave        |       |       |     5 |    10 ||    15
Evoke: Wand              |       |       |     2 |     1 ||     3
  Use: Potion            |       |       |    10 |     3 ||    13
       Scroll            |       |       |    12 |       ||    12
 Stab: Sleeping          |     4 |     6 |     2 |       ||    12
Armor: Robe              |    18 |    50 |   105 |    40 ||   213
Dodge: Dodged            |    46 |    97 |   177 |   109 ||   429

Table legend: (Time is in decaauts)
 A = Elapsed time spent in this place.
 B = Non-inter-level travel time spent in this place.
 C = Inter-level travel time spent in this place.
 D = Time resting spent in this place.
 E = Time spent auto-exploring this place.
 F = Levels seen in this place.
 G = Mean time per level.
                   A        B        C        D        E       F      G
               +--------+--------+--------+--------+--------+-----+--------+
         Total |  13719 |  12872 |    847 |    451 |   9958 |  12 | 1143.2 |
       Dungeon |  11726 |  10891 |    835 |    451 |   8515 |   9 | 1302.9 |
        Temple |     59 |     47 |     12 |      0 |     23 |   1 |   59.0 |
         Sewer |    679 |    679 |      0 |      0 |    447 |   1 |  679.0 |
       Ossuary |   1253 |   1253 |      0 |      0 |    972 |   1 | 1253.0 |
               +--------+--------+--------+--------+--------+-----+--------+

Top non-repeatable levels by time:
     D:8: 1857 daAuts
     D:5: 1749 daAuts
     D:4: 1733 daAuts
     D:2: 1654 daAuts
     D:6: 1356 daAuts
 Ossuary: 1253 daAuts
     D:1: 1144 daAuts
     D:3: 1139 daAuts
     D:7: 776 daAuts
   Sewer: 679 daAuts
     D:9: 315 daAuts
  Temple: 59 daAuts
